AA
FARGO-MOORHEAD REDHAWKS @ CHICAGO DOGS
05/13/2072
 
TOP OF THE 1ST
High Point Rockers batting - Pitching for Somerset Patriots : LHP Eric Roche
Pitching: LHP Eric Roche
Batting: RHB Tony Quintana 0-0: Called Strike
0-1: Foul Ball, location: 2F
0-2: Foul Ball, location: 2F
0-2: Foul Ball, location: 2F
0-2: Ball
1-2: Ball
2-2: Foul Ball, location: 2F
2-2: Foul Ball, location: 2F
2-2: Foul Ball, location: 2F
2-2: Ground out 4-3 (Groundball, 4, EV 86.9 MPH)
Batting: RHB Clay Leeson 0-0: Ball
1-0: Ball
2-0: Ball
3-0: Called Strike
3-1: Ground out 6-3 (Groundball, 6D, EV 106.2 MPH)
Batting: RHB Oscar Mauras 0-0: Called Strike
0-1: Ball
1-1: Foul Ball, location: 2F
1-2: Ball
2-2: Ball
3-2: Base on Balls
Batting: RHB Bobby Hernandez 0-0: Ball
Oscar Mauras steals 2nd base
1-0: Ball
2-0: Foul Ball, location: 2F
2-1: Foul Ball, location: 2F
2-2: Ball
3-2: Base on Balls
Batting: RHB Michael Miller 0-0: Foul Ball, location: 2F
0-1: Foul Ball, location: 2F
0-2: Strikes out looking
Top of the 1st over - 0 runs, 0 hits, 0 errors, 2 left on base; High Point 0 - Somerset 0
BOTTOM OF THE 1ST
Somerset Patriots batting - Pitching for High Point Rockers : RHP Aaron Snow
Pitching: RHP Aaron Snow
Batting: RHB Danny Saldana 0-0: Called Strike
0-1: Ball
1-1: Foul Ball, location: 2F
1-2: Ball
2-2: Ball
3-2: SINGLE (Line Drive, 78S, EV 88.1 MPH)
Batting: LHB Eric Dalton 0-0: Called Strike
0-1: Ball
1-1: Ball
2-1: Swinging Strike
2-2: Ball
3-2: Ground out 6-3 (Groundball, 6, EV 85.0 MPH)
Danny Saldana to second
Batting: RHB Elijah Woodson 0-0: Called Strike
0-1: Swinging Strike
0-2: Strikes out swinging
Batting: LHB Halvor Groth 0-0: Ball
Wild Pitch!
Danny Saldana to third
1-0: Called Strike
1-1: Called Strike
1-2: Ball
2-2: Ball
3-2: Foul Ball, location: 2F
3-2: Foul Ball, location: 2F
3-2: Strikes out swinging
Bottom of the 1st over - 0 runs, 1 hit, 0 errors, 1 left on base; High Point 0 - Somerset 0
TOP OF THE 2ND
High Point Rockers batting - Pitching for Somerset Patriots : LHP Eric Roche
Batting: RHB William Ortiz 0-0: Ball
1-0: Called Strike
1-1: Swinging Strike
1-2: Foul Ball, location: 2F
1-2: Ground out 5-3 (Groundball, 56S, EV 85.0 MPH)
Batting: RHB Elias Aviles 0-0: Ground out 1-3 (Groundball, 34S, EV 68.1 MPH)
Batting: RHB Matt Hall 0-0: Fly out, F7 (Flyball, 78S, EV 89.4 MPH)
Top of the 2nd over - 0 runs, 0 hits, 0 errors, 0 left on base; High Point 0 - Somerset 0
BOTTOM OF THE 2ND
Somerset Patriots batting - Pitching for High Point Rockers : RHP Aaron Snow
Batting: RHB Antonio Trochez 0-0: Swinging Strike
0-1: Foul Ball, location: 2F
0-2: Ball
1-2: Strikes out swinging
Batting: RHB Mike Parker 0-0: Called Strike
0-1: Foul Ball, location: 2F
0-2: Ball
1-2: Ball
2-2: Strikes out swinging
Batting: SHB Melvin Perez 0-0: Ball
1-0: Ball
2-0: Fly out, F7 (Flyball, 78S, EV 95.0 MPH)
Bottom of the 2nd over - 0 runs, 0 hits, 0 errors, 0 left on base; High Point 0 - Somerset 0
TOP OF THE 3RD
High Point Rockers batting - Pitching for Somerset Patriots : LHP Eric Roche
Batting: LHB Victor Perea 0-0: Swinging Strike
0-1: Ground out 6-3 (Groundball, 6, EV 100.6 MPH)
Batting: RHB Tony Quintana 0-0: Fly out, F6 (Line Drive, 6, EV 72.5 MPH)
Batting: RHB Clay Leeson 0-0: Called Strike
0-1: Ball
1-1: Ball
2-1: Swinging Strike
2-2: Foul Ball, location: 2F
2-2: Strikes out swinging
Top of the 3rd over - 0 runs, 0 hits, 0 errors, 0 left on base; High Point 0 - Somerset 0
BOTTOM OF THE 3RD
Somerset Patriots batting - Pitching for High Point Rockers : RHP Aaron Snow
Batting: RHB Jorge Zavala 0-0: Foul Ball, location: 2F
0-1: Foul Ball, location: 2F
0-2: Ball
1-2: Foul Ball, location: 2F
1-2: Foul Ball, location: 2F
1-2: Ground out 6-3 (Groundball, 6, EV 96.2 MPH)
Batting: RHB Albert Bernal 0-0: Ball
1-0: Foul Ball, location: 2F
1-1: Fly out, F9 (Line Drive, 9D, EV 96.2 MPH)
Batting: RHB Danny Saldana 0-0: Ground out 6-3 (Groundball, 56, EV 96.9 MPH)
Bottom of the 3rd over - 0 runs, 0 hits, 0 errors, 0 left on base; High Point 0 - Somerset 0
TOP OF THE 4TH
High Point Rockers batting - Pitching for Somerset Patriots : LHP Eric Roche
Batting: RHB Oscar Mauras 0-0: Ball
1-0: Ball
2-0: Ball
3-0: Base on Balls
Batting: RHB Bobby Hernandez 0-0: Ball
1-0: Called Strike
1-1: Ball
2-1: Foul Ball, location: 2F
2-2: Strikes out swinging
Batting: RHB Michael Miller 0-0: Fielders Choice at 2nd, 5-4 (Groundball, 5S, EV 83.8 MPH)
Batting: RHB William Ortiz 0-0: Ball
1-0: Called Strike
1-1: Foul Ball, location: 2F
1-2: Ball
2-2: Ball
3-2: Foul Ball, location: 2F
3-2: Foul Ball, location: 2F
3-2: Ground out 5-3 (Groundball, 56S, EV 91.2 MPH)
Top of the 4th over - 0 runs, 0 hits, 0 errors, 1 left on base; High Point 0 - Somerset 0
BOTTOM OF THE 4TH
Somerset Patriots batting - Pitching for High Point Rockers : RHP Aaron Snow
Batting: LHB Eric Dalton 0-0: Ground out 4-3 (Groundball, 4, EV 89.4 MPH)
Batting: RHB Elijah Woodson 0-0: Foul Ball, location: 2F
0-1: Ball
1-1: Foul Ball, location: 2F
1-2: Ball
2-2: Foul Ball, location: 2F
2-2: Strikes out looking
Batting: LHB Halvor Groth 0-0: Ball
1-0: Ball
2-0: Foul Ball, location: 2F
2-1: Ground out 4-3 (Groundball, 34, EV 86.9 MPH)
Bottom of the 4th over - 0 runs, 0 hits, 0 errors, 0 left on base; High Point 0 - Somerset 0
TOP OF THE 5TH
High Point Rockers batting - Pitching for Somerset Patriots : LHP Eric Roche
Batting: RHB Elias Aviles 0-0: Swinging Strike
0-1: Swinging Strike
0-2: Strikes out swinging
Batting: RHB Matt Hall 0-0: Foul Ball, location: 2F
0-1: Ball
1-1: Called Strike
1-2: SOLO HOME RUN (Flyball, 78XD, EV 103.8 MPH), Distance : 419 ft
Batting: LHB Victor Perea 0-0: Foul Ball, location: 2F
0-1: Ball
1-1: Swinging Strike
1-2: Strikes out looking
Batting: RHB Tony Quintana 0-0: Swinging Strike
0-1: Foul Ball, location: 2F
0-2: Ball
1-2: Strikes out swinging
Top of the 5th over - 1 run, 1 hit, 0 errors, 0 left on base; High Point 1 - Somerset 0
BOTTOM OF THE 5TH
Somerset Patriots batting - Pitching for High Point Rockers : RHP Aaron Snow
Batting: RHB Antonio Trochez 0-0: DOUBLE (Line Drive, 7LM, EV 103.8 MPH)
Batting: RHB Mike Parker 0-0: Called Strike
0-1: Fly out, F8 (Flyball, 8LD, EV 97.5 MPH)
Batting: SHB Melvin Perez 0-0: Foul Ball, location: 2F
0-1: Ball
1-1: Foul Ball, location: 2F
1-2: Ball
2-2: Ground out 4-3 (Groundball, 4, EV 90.0 MPH)
Antonio Trochez to third
Batting: RHB Jorge Zavala 0-0: Ball
1-0: Foul Ball, location: 2F
1-1: Called Strike
1-2: Strikes out swinging
Bottom of the 5th over - 0 runs, 1 hit, 0 errors, 1 left on base; High Point 1 - Somerset 0
TOP OF THE 6TH
High Point Rockers batting - Pitching for Somerset Patriots : LHP Eric Roche
Batting: RHB Clay Leeson 0-0: Called Strike
0-1: Ground out U3 (Groundball, 34S, EV 81.2 MPH)
Batting: RHB Oscar Mauras 0-0: Called Strike
0-1: Ball
1-1: Ground out 1-3 (Groundball, 13S, EV 67.5 MPH)
Batting: RHB Bobby Hernandez 0-0: Foul Ball, location: 2F
0-1: SOLO HOME RUN (Line Drive, 7D, EV 103.8 MPH), Distance : 377 ft
Batting: RHB Michael Miller 0-0: Ball
1-0: Ball
2-0: Ball
3-0: Base on Balls
Pitching: RHP Dean Meadows
Batting: RHB William Ortiz 0-0: Called Strike
0-1: Foul Ball, location: 2F
0-2: Ball
1-2: Ball
2-2: Strikes out looking
Top of the 6th over - 1 run, 1 hit, 0 errors, 1 left on base; High Point 2 - Somerset 0
BOTTOM OF THE 6TH
Somerset Patriots batting - Pitching for High Point Rockers : RHP Aaron Snow
Batting: RHB Albert Bernal 0-0: Ball
1-0: Called Strike
1-1: Foul Ball, location: 2F
1-2: Ball
2-2: Ball
3-2: Foul Ball, location: 2F
3-2: Strikes out looking
Batting: RHB Danny Saldana 0-0: Foul Ball, location: 2F
0-1: Ball
1-1: Called Strike
1-2: Ball
2-2: Foul Ball, location: 2F
2-2: Ball
3-2: Strikes out swinging
Batting: LHB Eric Dalton 0-0: Called Strike
0-1: Foul Ball, location: 2F
0-2: Ground out U3 (Groundball, 3, EV 85.6 MPH)
Bottom of the 6th over - 0 runs, 0 hits, 0 errors, 0 left on base; High Point 2 - Somerset 0
TOP OF THE 7TH
High Point Rockers batting - Pitching for Somerset Patriots : RHP Dean Meadows
Batting: LHB Luis Arredondo 0-0: Ball
1-0: Called Strike
1-1: Fly out, F8 (Flyball, 8LM, EV 93.8 MPH)
Batting: RHB Matt Hall 0-0: Called Strike
0-1: Called Strike
0-2: Strikes out swinging
Batting: LHB Victor Perea 0-0: Called Strike
0-1: Swinging Strike
0-2: SINGLE (Groundball, 4M, EV 80.6 MPH) (infield hit)
Batting: RHB Tony Quintana 0-0: Called Strike
0-1: Swinging Strike
0-2: Ball
1-2: Foul Ball, location: 2F
1-2: Foul Ball, location: 2F
1-2: Foul Ball, location: 2F
1-2: Ground out 4-3 (Groundball, 4, EV 78.1 MPH)
Top of the 7th over - 0 runs, 1 hit, 0 errors, 1 left on base; High Point 2 - Somerset 0
BOTTOM OF THE 7TH
Somerset Patriots batting - Pitching for High Point Rockers : RHP Aaron Snow
Batting: RHB Elijah Woodson 0-0: Ball
1-0: Called Strike
1-1: Foul Ball, location: 2F
1-2: Fly out, F8 (Flyball, 89M, EV 92.5 MPH)
Batting: LHB Halvor Groth 0-0: Ball
1-0: Ball
2-0: Ball
3-0: Called Strike
3-1: Fly out, F8 (Line Drive, 8RD, EV 91.2 MPH)
Batting: RHB Antonio Trochez 0-0: Ball
1-0: Swinging Strike
1-1: Foul Ball, location: 2F
1-2: Foul Ball, location: 2F
1-2: Ball
2-2: Strikes out swinging
Bottom of the 7th over - 0 runs, 0 hits, 0 errors, 0 left on base; High Point 2 - Somerset 0
TOP OF THE 8TH
High Point Rockers batting - Pitching for Somerset Patriots : RHP Dean Meadows
Batting: RHB Clay Leeson 0-0: Ball
1-0: Foul Ball, location: 2F
1-1: Swinging Strike
1-2: Strikes out swinging
Batting: RHB Oscar Mauras 0-0: Ball
1-0: Foul Ball, location: 2F
1-1: Called Strike
1-2: Ball
2-2: Strikes out swinging, 2-3 out at first.
Batting: RHB Bobby Hernandez 0-0: Called Strike
0-1: Fly out, F8 (Flyball, 8RXD, EV 80.6 MPH)
Top of the 8th over - 0 runs, 0 hits, 0 errors, 0 left on base; High Point 2 - Somerset 0
BOTTOM OF THE 8TH
Somerset Patriots batting - Pitching for High Point Rockers : RHP Aaron Snow
Pitching: LHP Robert Torres
Batting: RHB Mike Parker 0-0: Foul Ball, location: 2F
0-1: Ball
1-1: Ball
2-1: Ball
3-1: Foul Ball, location: 2F
3-2: Base on Balls
Batting: SHB Melvin Perez 0-0: Called Strike
0-1: Ball
1-1: Swinging Strike
1-2: Ball
2-2: Fly out, F1 (Line Drive, P, EV 71.2 MPH)
Batting: RHB Jorge Zavala 0-0: Called Strike
0-1: Fly out, F8 (Flyball, 89D, EV 88.1 MPH)
Batting: RHB Albert Bernal 0-0: Called Strike
0-1: Called Strike
0-2: Strikes out swinging
Bottom of the 8th over - 0 runs, 0 hits, 0 errors, 1 left on base; High Point 2 - Somerset 0
TOP OF THE 9TH
High Point Rockers batting - Pitching for Somerset Patriots : RHP Dean Meadows
Batting: RHB Michael Miller 0-0: Fly out, F9 (Flyball, 9, EV 91.2 MPH)
Batting: RHB William Ortiz 0-0: Foul Ball, location: 2F
0-1: Foul Ball, location: 2F
0-2: Ball
1-2: Foul Ball, location: 2F
1-2: Foul Ball, location: 2F
1-2: Ground out U3 (Groundball, 34, EV 88.8 MPH)
Pitching: RHP Ruben Clay
Batting: LHB Luis Arredondo 0-0: Swinging Strike
0-1: Ball
1-1: Ground out 1-3 (Groundball, 13, EV 67.5 MPH)
Top of the 9th over - 0 runs, 0 hits, 0 errors, 0 left on base; High Point 2 - Somerset 0
BOTTOM OF THE 9TH
Somerset Patriots batting - Pitching for High Point Rockers : LHP Robert Torres
Pitching: LHP Josh St. Pierre
Batting: RHB Danny Saldana 0-0: Ball
1-0: Ball
2-0: Called Strike
2-1: Ball
3-1: Called Strike
3-2: Foul Ball, location: 2F
3-2: Fly out, F7 (Flyball, 78S, EV 88.8 MPH)
Batting: LHB Eric Dalton 0-0: Ball
1-0: Ground out 3-1 (Groundball, 34, EV 107.5 MPH)
Batting: RHB Elijah Woodson 0-0: Fly out, F1 (Popup, P, EV 83.8 MPH)
Bottom of the 9th over - 0 runs, 0 hits, 0 errors, 0 left on base; High Point 2 - Somerset 0
Thursday, October 21st , 2021 - OOTP Baseball 22.10 Build 79